 Dungeon Crawl Stone Soup version 0.25.1-2-g60ff931df9 (webtiles) character file.

Game seed: 17424082131224879287

26 DogServant the Ruffian (level 2, 0/23 HPs)
             Began as a Draconian Transmuter on Nov 8, 2020.
             Slain by a jackal (3 damage)
             ... on level 1 of the Dungeon.
             The game lasted 00:01:04 (455 turns).

DogServant the Ruffian (Draconian Transmuter)        Turns: 455, Time: 00:01:05

Health: 0/23       AC:  4    Str: 11 (12) XL:     2   Next: 89%
Magic:  5/5        EV: 12    Int: 12 (13) God:
Gold:   15         SH:  0    Dex:  9 (11) Spells: 4/5 levels left

rFire    . . .     SeeInvis .     - Unarmed
rCold    . . .     Gourm    .   (no shield)
rNeg     . . .     Faith    .   (armour unavailable)
rPois    .         Spirit   .   (helmet restricted)
rElec    .         Reflect  .   (no cloak)
rCorr    .         Harm     .   (no gloves)
MR       .....                  (no boots)
Stlth    +.........             (no amulet)
HPRegen  0.07/turn              (no ring)
MPRegen  0.09/turn              (no ring)

@: stab
A: unfitting armour, cold-blooded, AC +4
a: no special abilities


You were on level 1 of the Dungeon.
You were not hungry.

You visited 1 branch of the dungeon, and saw 1 of its levels.

You collected 15 gold pieces.

Inventory:

Missiles
 a - 34 arrows
Scrolls
 b - 3 scrolls of identify
 e - 2 scrolls of magic mapping
 f - a scroll of enchant armour
Comestibles
 c - 3 rations
 d - 2 chunks of flesh


   Skills:
 - Level 1.1 Fighting
 + Level 2.5 Dodging
 + Level 3.6 Unarmed Combat
 - Level 2.0 Spellcasting
 - Level 2.0 Transmutations


You had 4 spell levels left.
You knew the following spells:

 Your Spells              Type           Power        Failure   Level  Hunger
a - Beastly Appendage     Tmut           #.....       12%         1    ##.....

Your spell library contained the following spells:

 Spells                   Type           Power        Failure   Level  Hunger
 Sticks to Snakes         Tmut           #.......     19%         2    ###....
 Spider Form              Tmut/Pois      #.........   47%         3    ####...
 Ice Form                 Ice/Tmut       #.......     87%         4    #####..
 Blade Hands              Tmut           #.........   97%         5    ######.


Dungeon Overview and Level Annotations

Branches:
Dungeon (1/15)

Altars:


Innate Abilities, Weirdness & Mutations

Your plain brown scales are hard. (AC +4)
You cannot fit into any form of body armour.
You are cold-blooded and may be slowed by cold attacks.


Message History

The rat completely misses you.
You hit the rat.
You kill the rat!
The hobgoblin hits you but does no damage.
Things that are here:
a +0 club; a rat corpse; a hobgoblin corpse Your magical contamination has completely faded away.
The jackal bites you but does no damage.
Found a scroll labeled ISHRUSA WAKKONN and 15 gold pieces.
The jackal misses you.
Found a stone staircase leading down.
As you read the scroll labeled ISHRUSA WAKKONN, it crumbles to dust.
It is a scroll of identify.
e - 2 scrolls of magic mapping The jackal closely misses you.
As you read the scroll labeled XAHANUOTAU, it crumbles to dust.
It is a scroll of enchant armour.
You aren't carrying any armour which can be enchanted further.
The jackal barely misses you. The jackal bites you.
You die...

...#####.#### #.#..÷..#.#
.#..###..# #.#.#.#.#.#
.#...#..########## #...#.#...#
..............$..> #####.#####
#....#######.....# #.. #.#...#
#..### #.....# #.#.#.#.#.#
##.### ###.....#####.#.....#.#
...... ..?.....hg..#.#######.#
##.### ##....@#........#....#
##. #.....#.........###### #
######+#########.....).(.. #
♣.....<..≈≈≈≈≈≈#....###### ...#
♣.....≈≈≈≈≈≈≈....+.##...#
..##♣....≈≈≈PPP≈≈.....#.####..#
#..#....≈≈PPP≈≈≈.P...♣#.. #..#
#..+..≈≈≈≈PP≈≈.....P♣♣### #.#
#.##≈≈≈≈≈≈≈≈≈.P..♣♣♣♣ .#


You could see a jackal and a hobgoblin.

Vanquished Creatures
  An ooze (D:1)
  A dart slug (D:1)
  5 goblins (D:1)
  2 hobgoblins (D:1)
  2 jackals (D:1)
  2 kobolds (D:1)
  A ball python (D:1)
  3 bats (D:1)
  A frilled lizard (D:1)
  A rat (D:1)
19 creatures vanquished.

Notes
Turn   | Place    | Note
-------+----------+-------------------------------------------
     0 | D:1      | DogServant the Draconian Transmuter began the quest for the
                  | Orb.
     0 | D:1      | Reached XP level 1. HP: 16/16 MP: 3/3
   185 | D:1      | Reached XP level 2. HP: 23/23 MP: 1/5
   431 | D:1      | HP: 1/23 [kobold (1)]
   455 | D:1      | Slain by a jackal

Illustrated notes

Levels and vault maps discovered:
D:1:      tarquinn_simple_flora_water_c, layout_rooms,
          minmay_misc_feat_ornament, minivault_24, minmay_indecisive_spiral

Skill      XL: |  1 |
---------------+----+-----
Dodging        | 2 |  2.5
Fighting       | |  1.1
Unarmed Combat | |  3.6
Spellcasting   | |  2.0
Transmutations | |  2.0

Action                   || total
-------------------------++-------
Melee: Unarmed           ||    56
       Kick              ||     3
       Punch             ||     1
       Headbutt          ||     4
       Tailslap          ||     1
 Cast: Beastly Appendage ||     5
  Use: Scroll            ||     2
       Potion            ||     2
Armor: Skin              ||     7
Dodge: Dodged            ||    42
